 Seeded DCSS version 0.28-a0-1236-gb25a51b929 (webtiles) character file.

Game seed: 1064 (custom seed)

7424 a11behringer the Fencer (level 10, -9/91 HPs)
             Began as a Minotaur Berserker on Dec 26, 2021.
             Was an Elder of Trog.
             Killed from afar by a molten gargoyle (16 damage)
             ... with a bolt of magma
             ... on level 12 of the Dungeon.
             The game lasted 00:22:53 (10113 turns).

a11behringer the Fencer (Minotaur Berserker)       Turns: 10113, Time: 00:22:53

Health: -9/91      AC: 19    Str: 29    XL:     10   Next: 93%
Magic:  9/9        EV:  9    Int:  4    God:    Trog [****..]
Gold:   614        SH:  0    Dex: 16    Spells: 9/9 levels left

rFire   . . .      SeeInvis .   l - +2 scimitar (holy)
rCold   + . .      Faith    .   (no shield)
rNeg    . . .      Spirit   .   U - +0 plate armour
rPois   +          Reflect  .   (helmet restricted)
rElec   .          Harm     .   d - +1 cloak
rCorr   .          Rampage  .   (no gloves)
Will    .....                   n - +1 pair of boots of the Lizard {rPois rC+ Str+3}
Stlth   ..........              (no amulet)
HPRegen 0.25/turn               w - +6 ring of dexterity
MPRegen 0.11/turn               D - ring of flight

@: flying
A: horns 2, retaliatory headbutt
a: Renounce Religion, Berserk, Trog's Hand, Brothers in Arms


You were on level 12 of the Dungeon.
You worshipped Trog.
Trog was greatly pleased with you.
You visited 2 branches of the dungeon, and saw 13 of its levels.

You collected 614 gold pieces.

Inventory:

Hand Weapons
 e - a +3 hunting sling
 i - a +2 dagger of speed
 l - a +2 scimitar of holy wrath (weapon)
 p - a +1 vorpal long sword
 S - a +4 short sword
Missiles
 r - 96 sling bullets
 F - 63 poisoned darts (quivered)
 G - a throwing net
Armour
 d - a +1 cloak (worn)
 n - the +1 pair of boots of the Lizard (worn) {rPois rC+ Str+3}
   (You acquired it on level 4 of the Dungeon)

   Str:       It affects your strength (+3).
   rC:        It protects you from cold.
   rPois:     It protects you from poison.
 x - a +0 chain mail
 L - a +0 buckler
 P - a +0 tower shield
 U - a +0 plate armour (worn)
 X - +0 acid dragon scales
Jewellery
 w - a +6 ring of dexterity (left hand)
 D - a ring of flight (right hand)
 I - a ring of resist corrosion
Wands
 a - a wand of iceblast (8)
 K - a wand of flame (39)
 Q - a wand of paralysis (7)
 V - a wand of digging (5)
 Y - a wand of acid (2)
Scrolls
 c - a scroll of noise {unknown}
 f - a scroll of vulnerability {unknown}
 j - 3 scrolls of identify
 o - 2 scrolls of enchant armour
 s - a scroll of torment {unknown}
 u - 2 scrolls of holy word {unknown}
 v - a scroll of enchant weapon {unknown}
 B - 2 scrolls of brand weapon {unknown}
 H - 3 scrolls of blinking {unknown}
 J - a scroll of silence {unknown}
 R - 6 scrolls of teleportation {unknown}
 T - a scroll of magic mapping {unknown}
Potions
 b - a potion of magic {unknown}
 g - a potion of ambrosia {unknown}
 h - a potion of resistance
 m - 4 potions of curing
 q - 2 potions of mutation
 t - 2 potions of might
 A - a potion of haste {unknown}
 C - 2 potions of lignification
 M - 3 potions of flight
 O - 6 potions of heal wounds
 W - 2 potions of attraction {unknown}
Miscellaneous
 k - a phial of floods


   Skills:
 + Level 9.0 Fighting
 * Level 15.7 Long Blades
 + Level 9.3 Armour
 + Level 3.9 Dodging


You had 9 spell levels left.
You didn't know any spells.
Your spell library was empty.

Dungeon Overview and Level Annotations

Branches:
Dungeon (12/15)            Temple (1/1) D:4            Lair (0/6) D:9
    Orc (0/2) D:11

Altars:
Ashenzari
Cheibriados
Fedhas
Hepliaklqana
Kikubaaqudgha
Makhleb
Nemelex Xobeh
Okawaru
Ru
Sif Muna
Wu Jian
Xom
Zin
The Shining One

Annotations:
D:8 2 runed translucent doors, exclusion: orange crystal statue
D:11 3 runed translucent doors, Ora Soeq's ghost, journeyman HOFi


Innate Abilities, Weirdness & Mutations

You have a pair of horns on your head.
You reflexively headbutt those who attack you in melee.


Message History

The lava snake spits lava at you. The glob of lava hits you!
The molten gargoyle blasts magma at you!
The bolt of magma hits you!!
A molten gargoyle comes into view. It is wielding a +0 morningstar.
The cyclops falls through a shaft!
The shaft crumbles and collapses.
A vampire mosquito comes into view.
The vampire mosquito buzzes angrily.
A molten gargoyle comes into view. It is wielding a +0 flail.
The molten gargoyle blasts magma at you!
The bolt of magma hits you!!
* * * LOW HITPOINT WARNING * * *
A vampire mosquito comes into view.
The vampire mosquito buzzes angrily.
The vampire mosquito bites you but does no damage.
A vampire mosquito comes into view.
The molten gargoyle blasts magma at you!
The bolt of magma hits you!
* * * LOW HITPOINT WARNING * * *
The vampire mosquito moves out of view.
The vampire mosquito closely misses you.
You furiously retaliate!
You headbutt the vampire mosquito.
The vampire mosquito bites you but does no damage. x2
The vampire mosquito buzzes angrily.
You slash the vampire mosquito!
The vampire mosquito convulses.
The vampire mosquito is severely damaged.
The vampire mosquito bites you but does no damage.
The vampire mosquito bites you.
* * * LOW HITPOINT WARNING * * *
The vampire mosquito draws strength from your injuries!
You slice the vampire mosquito!!
You destroy the vampire mosquito!
Trog accepts your kill.
The vampire mosquito bites you but does no damage.
The vampire mosquito closely misses you.
You furiously retaliate!
You headbutt the vampire mosquito, but do no damage.
The molten gargoyle blasts magma at you!
The bolt of magma hits you!
You die...

### ########
.$..
#......##.....
#.............
#.....@# ...
#.....y##....
#......y.y..#
#?..9..####.#
#?...(.#
#......#
#.9....#
#......#
#.#.#.##


You could see 2 molten gargoyles and 2 vampire mosquitoes.

Vanquished Creatures
  A two-headed ogre (D:11)
  Psyche (D:11)
  A troll (D:10)
  Prince Ribbit (D:5)
  A hornet (D:8)
  Sigmund (D:5)
  5 yaks (D:8)
  3 steam dragons
  A vampire mosquito (D:12)
  2 acid dragons
  Edmund (D:5)
  A water moccasin (D:7)
  6 orc warriors
  An ice beast (D:5)
  2 sky beasts
  2 black bears
  3 necrophages
  A centaur (D:9)
  A phantom (D:7)
  A kobold brigand (D:4)
  A gnoll sergeant (D:5)
  3 wights (D:7)
  3 electric eels (D:7)
  8 howler monkeys
  6 centaur zombies
  6 hounds
  A bullfrog zombie (D:5)
  6 orc priests
  A bullfrog skeleton (D:5)
  2 gnoll shamans
  A centaur skeleton (D:7)
  2 jellies
  4 iguanas
  A scorpion zombie (D:5)
  7 orc wizards
  A killer bee zombie (D:7)
  2 hound skeletons (D:4)
  A howler monkey zombie (D:9)
  16 gnolls
  A howler monkey skeleton (D:5)
  5 adders
  2 white imps
  An ufetubus (D:4)
  4 worms
  A dart slug (D:1)
  40 orcs
  8 ball pythons
  6 endoplasms
  A giant cockroach (D:1)
  10 goblins
  5 hobgoblins
  8 jackals
  5 kobolds
  2 quokkas
  3 bats
  2 frilled lizards (D:2)
  6 rats
218 creatures vanquished.

Vanquished Creatures (others)
  An orc (D:6)
  7 plants (D:7)
8 creatures vanquished.

Grand Total: 226 creatures vanquished

Notes
Turn   | Place    | Note
-------+----------+-------------------------------------------
     0 | D:1      | a11behringer the Minotaur Berserker began the quest for the
                  | Orb.
     0 | D:1      | Reached XP level 1. HP: 19/19 MP: 0/0
   153 | D:1      | Reached skill level 4 in Long Blades
   153 | D:1      | Reached XP level 2. HP: 27/27 MP: 1/1
   339 | D:1      | You fall into a shaft and drop 1 floor!
   344 | D:2      | Reached XP level 3. HP: 33/33 MP: 2/2
   371 | D:2      | Found a faded altar of an unknown god.
   582 | D:1      | Reached ** piety under Trog
  1025 | D:2      | Reached skill level 5 in Long Blades
  1025 | D:2      | Reached XP level 4. HP: 37/41 MP: 3/3
  1373 | D:4      | Found a staircase to the Ecumenical Temple.
  1382 | Temple   | Entered the Ecumenical Temple
  1471 | D:4      | Reached XP level 5. HP: 45/47 MP: 4/4
  1504 | D:4      | Reached skill level 5 in Fighting
  1624 | D:4      | Reached skill level 6 in Long Blades
  1638 | D:4      | Identified the +11 dagger "Plojy" {pain, Fly Str+3 Int+4}
  1675 | D:3      | Noticed a black bear
  1683 | D:3      | Killed a black bear
  1684 | D:3      | Reached XP level 6. HP: 56/56 MP: 5/5
  2091 | D:3      | Found a glowing silver altar of Zin.
  2257 | D:4      | Identified 2 scrolls of acquirement
  2257 | D:4      | Acquired the +1 pair of boots of the Lizard {rPois rC+
                  | Str+3}
  2264 | D:4      | Acquired a +2 scimitar of holy wrath
  2298 | D:4      | Reached skill level 7 in Long Blades
  2308 | D:4      | Reached *** piety under Trog
  2369 | D:4      | Identified the +2 hand axe "Xoves" {vamp, rElec rC+ rN+
                  | Str-3 SInv}
  2585 | D:4      | Reached XP level 7. HP: 55/61 MP: 6/6
  2696 | D:4      | Reached skill level 8 in Long Blades
  2812 | D:5      | Entered Level 5 of the Dungeon
  3121 | D:5      | Noticed Sigmund
  3121 | D:5      | Noticed Edmund
  3132 | D:5      | Killed Edmund
  3133 | D:5      | Reached skill level 9 in Long Blades
  3137 | D:5      | Killed Sigmund
  3138 | D:5      | Reached skill level 5 in Armour
  3138 | D:5      | Reached XP level 8. HP: 54/70 MP: 7/7
  3595 | D:5      | Noticed Prince Ribbit
  3606 | D:5      | Killed Prince Ribbit
  3607 | D:5      | Reached skill level 10 in Long Blades
  3798 | D:6      | Reached skill level 11 in Long Blades
  4435 | D:6      | Reached XP level 9. HP: 78/78 MP: 8/8
  4854 | D:7      | Reached skill level 12 in Long Blades
  5064 | D:7      | Reached **** piety under Trog
  5396 | D:7      | Reached skill level 13 in Long Blades
  5921 | D:8      | Reached skill level 14 in Long Blades
  6164 | D:8      | Found a runed translucent door.
  6168 | D:8      | Found the +10 tower shield of Ignorance {rN+ Int-4}
  6173 | D:8      | Noticed an orange crystal statue
  6186 | D:8      | Reached XP level 10. HP: 66/86 MP: 9/9
  6301 | D:8      | Found a runed translucent door.
  7739 | D:9      | Found a staircase to the Lair.
  7799 | D:10     | Entered Level 10 of the Dungeon
  7998 | D:10     | Reached skill level 15 in Long Blades
  9095 | D:11     | Found a staircase to the Orcish Mines.
  9147 | D:11     | Noticed a two-headed ogre
  9160 | D:11     | Killed a two-headed ogre
  9363 | D:11     | Noticed Psyche
  9376 | D:11     | Killed Psyche
  9553 | D:11     | Found a runed translucent gate.
  9553 | D:11     | Found a runed translucent gate.
  9553 | D:11     | Found a runed translucent gate.
  9554 | D:11     | Noticed a cyclops
  9556 | D:11     | Noticed a minotaur
  9559 | D:11     | Noticed Ora Soeq's ghost (journeyman HOFi)
  9742 | D:11     | Noticed a boulder beetle
  9955 | D:11     | Found a snail-covered altar of Cheibriados.
 10102 | D:12     | Noticed a molten gargoyle
 10104 | D:12     | Noticed a cyclops
 10105 | D:12     | Noticed a molten gargoyle
 10107 | D:12     | Noticed a molten gargoyle
 10113 | D:12     | Killed from afar by a molten gargoyle

Illustrated notes

Levels and vault maps discovered:
D:1:      lightli_arrival_windingriver, layout_rooms
D:2:      layout_basic, hellmonk_ecumenical_altar_crossroads,
          nicolae_elevator_lobby_asterisk
D:3:      layout_rooms, zin_treasury, grunt_decor_one_mirror, grunt_decor_cap,
          kennysheep_generic_room_16
D:4:      layout_loops_ring, temple_statues
D:5:      layout_basic, uniq_sigmund, uniq_edmund, uniq_prince_ribbit1
D:6:      layout_cave_pools, st_stairs_14
D:7:      layout_rooms, minmay_strange_pillars, serial_bayou_lagoon_b
D:8:      layout_basic, dk_vineyard_1, kennysheep_cross_room,
          chequers_guarded_unrand_ignorance
D:9:      layout_gridville, lair_entry_dummy
D:10:     layout_long_grid
D:11:     layout_basic, david_orc_4, maelrawn_ghost_gauntlet_escape,
          slow_altar_2, uniq_psyche
D:12:     layout_basic, portal_ice_cave_demonic_guard, minivault_8
Temple:   kilobyte_greek_temple

Skill      XL: |  1  2  3  4  5  6  7  8  9 10 |
---------------+-------------------------------+-----
Long Blades    | 4 5 6 7 9 11 14 15 | 15.7
Fighting       | 4 5 6 7 9 |  9.0
Armour         | 3 4 5 6 7 9 |  9.3
Dodging        | 3 |  3.9

Action                   |  1- 3 |  4- 6 |  7- 9 | 10-12 || total
-------------------------+-------+-------+-------+-------++-------
Melee: Falchion          |    73 |    70 |       |       ||   143
       Headbutt          |     8 |    22 |    52 |    32 ||   114
       Scimitar          |       |    11 |   196 |   126 ||   333
Invok: Berserk           |       |     1 |     4 |     1 ||     6
       Trog's Hand       |       |       |     2 |     2 ||     4
  Use: Scroll            |       |     5 |     5 |     2 ||    12
Armor: Animal skin       |    10 |       |       |       ||    10
       Scale mail        |    14 |    13 |       |       ||    27
       Chain mail        |       |    29 |    90 |       ||   119
       Plate armour      |       |       |     4 |    80 ||    84
Dodge: Dodged            |    44 |    38 |    88 |    61 ||   231

Table legend: (Time is in decaauts)
 A = Elapsed time spent in this place.
 B = Non-inter-level travel time spent in this place.
 C = Inter-level travel time spent in this place.
 D = Time resting spent in this place.
 E = Time spent auto-exploring this place.
 F = Levels seen in this place.
 G = Mean time per level.
                   A        B        C        D        E       F      G
               +--------+--------+--------+--------+--------+-----+--------+
         Total |  10107 |   8990 |   1117 |      0 |   7789 |  13 |  777.5 |
       Dungeon |  10044 |   8986 |   1058 |      0 |   7789 |  12 |  837.0 |
        Temple |     62 |      3 |     59 |      0 |      0 |   1 |   62.0 |
               +--------+--------+--------+--------+--------+-----+--------+

Top non-repeatable levels by time:
     D:8: 1371 daAuts
    D:11: 1251 daAuts
     D:7: 1087 daAuts
     D:5: 1034 daAuts
    D:10: 1024 daAuts
     D:4: 866 daAuts
     D:6: 851 daAuts
     D:2: 725 daAuts
     D:1: 643 daAuts
     D:9: 640 daAuts
     D:3: 534 daAuts
  Temple: 62 daAuts
    D:12: 14 daAuts
